 Dungeon Crawl Stone Soup version 0.31.0-12-g77e489cdc1 (webtiles) character file.

Game seed: 7503546217959289279

632 Gadfly the Sneak (level 7, -8/35 HPs)
             Began as a Spriggan Enchanter on Feb 22, 2024.
             Killed by divine providence
             ... invoked by an orc priest
              (14 damage)
             ... on level 5 of the Dungeon.
             The game lasted 00:07:37 (5221 turns).

Gadfly the Sneak (Spriggan Enchanter)               Turns: 5221, Time: 00:07:38

Health: -8/35      AC:  3    Str:  4    XL:     7   Next: 24%
Magic:  11/23      EV: 19    Int: 16    God:
Gold:   216        SH:  0    Dex: 18    Spells: 9/14 levels left

rFire   . . .        a - +1 dagger
rCold   . . .        (no shield)
rNeg    . . .        b - +1 robe
rPois   .            (helmet restricted)
rElec   .            (no cloak)
rCorr   .            (gloves unavailable)
SInv    +            (boots unavailable)
Will    +....        (no amulet)
Stlth   +++          g - ring of wizardry
HPRegen 0.25/turn    h - ring of magical power
MPRegen 0.18/turn

%: wizardry (x1)
@: very quick
A: very small, no large weapons, unfitting armour, see invisible, speed 3
a: no special abilities


You were on level 5 of the Dungeon.
You visited 1 branch of the dungeon, and saw 5 of its levels.
You also visited: Sewer.

You collected 216 gold pieces.

Inventory:

Hand Weapons
 a - a +1 dagger (weapon)
 s - a +2 antimagic dagger
Armour
 b - a +1 robe (worn)
Jewellery
 g - a ring of wizardry (left hand)
 h - a ring of magical power (right hand)
 r - a ring of magical power
Scrolls
 e - 4 scrolls of fear
 j - a scroll of fog
 n - a scroll of teleportation
 q - a scroll of enchant armour
Potions
 c - 4 potions of invisibility
 d - 2 potions of mutation
 f - a potion of might
 i - a potion of curing
 k - a potion of cancellation
 l - a potion of berserk rage
 m - 2 potions of enlightenment
 o - a potion of heal wounds
 p - 2 potions of brilliance
 u - a potion of haste


   Skills:
 + Level 2.3 Fighting
 + Level 3.4 Short Blades
 + Level 4.7 Dodging
 + Level 6.3 Stealth
 + Level 4.3 Spellcasting
 + Level 4.9 Hexes
 + Level 3.4 Evocations


You had 9 spell levels left.
You knew the following spells:

 Your Spells              Type           Power      Damage    Failure   Level
a - Ensorcelled Hibernat  Hex/Ice        22%        N/A       3%          2
b - Confusing Touch       Hex            19%        N/A       2%          3

Your spell library contained the following spells:

 Spells                   Type           Power      Damage    Failure   Level
 Tukima's Dance           Hex            19%        N/A       2%          3
 Dazzling Flash           Conj/Hex       22%        N/A       8%          3
 Hailstorm                Conj/Ice       3%         3d5       19%         3
 Passwall                 Erth           3%         N/A       19%         3
 Summon Ice Beast         Ice/Summ       3%         N/A       19%         3
 Swiftness                Air            3%         N/A       19%         3
 Alistair's Intoxication  Alch           2%         N/A       85%         5
 Borgnjor's Vile Clutch   Necr/Erth      1%         N/A       85%         5
 Eringya's Noxious Bog    Alch           1%         4d6       100%        6
 Sculpt Simulacrum        Ice/Alch       1%         N/A       100%        6


Dungeon Overview and Level Annotations

Branches:
Dungeon (5/15)              Sewer (visited)
 Temple: D:4-7

Altars:
Uskayaw
Xom


Innate Abilities, Weirdness & Mutations

You are very small and have problems with some larger weapons.
You are too small for most types of armour.
You have supernaturally acute eyesight. (SInv)
You cover ground extremely quickly. (Speed+++)


Message History

You skewer the orc like a kebab!!!
You kill the orc!
The orc completely misses you. The orc misses you.
The orc hits you with a +0 whip.
You are too injured to fight recklessly!
Casting: Ensorcelled Hibernation (safe; 3% risk of failure)
Confirm with . or Enter, or press ? or * to list all spells.
Aiming: Ensorcelled Hibernation (safe; 3% risk of failure)
Press: ? - help, Shift-Dir - straight line, f - orc priest
Aim: an orc priest, wielding a +0 dagger (chance to affect: 45%)
The orc priest resists with some effort.
The orc hits you with a +0 flail. The orc hits you with a +0 whip.
* * * LOW HITPOINT WARNING * * *
The orc closely misses you.
The orc priest hits you with a +0 dagger.
* * * LOW HITPOINT WARNING * * *
Casting: Ensorcelled Hibernation (safe; 3% risk of failure)
Confirm with . or Enter, or press ? or * to list all spells.
Aiming: Ensorcelled Hibernation (safe; 3% risk of failure)
Press: ? - help, Shift-Dir - straight line, f/p - orc priest
Aim: an orc priest, wielding a +0 dagger (chance to affect: 45%)
The orc priest resists with some effort.
The orc closely misses you. x3
The orc priest hits you with a +0 dagger.
* * * LOW HITPOINT WARNING * * *
Casting: Ensorcelled Hibernation (safe; 3% risk of failure)
Confirm with . or Enter, or press ? or * to list all spells.
Aiming: Ensorcelled Hibernation (safe; 3% risk of failure)
Press: ? - help, Shift-Dir - straight line, f/p - orc priest
Aim: an orc priest, wielding a +0 dagger (chance to affect: 45%)
The orc priest resists with some effort.
The orc misses you. The orc barely misses you. The orc closely misses you.
The orc priest begins to cast a cantrip, but forgets the words!
Unknown command.
Okay, then.
The orc priest attacks as it pursues you!
The orc priest misses you.
The orc priest invokes the aid of Beogh against you.
Beogh smites you!
You die...

#..[...####........
#.........#))....)..
#..........).......
#........o........#
##.....o..........# ##
#.......o........# ##.##
#.....o..........#. #...##
##................) ##....##
##)@#...............
##......###..###...)..........
#.......##.### ##....##.....o.
##..........# ##..####......
#.....รท....## #..# #.5o..
##..........# #### .....
#..........## ....
######.....# ....
##.....########## ...


You could see an orc priest and 3 orcs.

Vanquished Creatures
  Sigmund (D:2)
  2 brain worms (Sewer)
  A bombardier beetle (D:3)
  A hound (D:5)
  An orc priest (D:5)
  An orc wizard (D:5)
  Robin (D:2)
  8 adders
  A river rat (D:4)
  2 ufetubi (D:4)
  2 ribbon worms
  5 dart slugs
  6 orcs
  13 endoplasms
  6 giant cockroaches
  16 goblins
  6 hobgoblins
  4 jackals (D:3)
  6 kobolds
  2 quokkas
  10 ball pythons
  6 bats
  6 frilled lizards
  13 rats
120 creatures vanquished.

Notes
Turn   | Place    | Note
-------+----------+-------------------------------------------
     0 | D:1      | Gadfly the Spriggan Enchanter began the quest for the Orb.
     0 | D:1      | Reached XP level 1. HP: 9/9 MP: 5/5
   160 | D:1      | Reached XP level 2. HP: 12/13 MP: 6/6
   178 | D:1      | Learned a level 2 spell: Ensorcelled Hibernation
   855 | D:2      | Reached XP level 3. HP: 17/17 MP: 2/8
   859 | D:2      | Learned a level 3 spell: Confusing Touch
   960 | D:2      | Reached skill level 1 in Evocations
  1034 | D:2      | Noticed Robin
  1082 | D:2      | Killed Robin
  1083 | D:2      | Reached skill level 1 in Fighting
  1258 | D:2      | Reached XP level 4. HP: 22/22 MP: 6/9
  1430 | D:2      | Found a faded altar of an unknown god.
  1679 | D:2      | Noticed Sigmund
  1700 | D:2      | Killed Sigmund
  1701 | D:2      | Reached skill level 5 in Stealth
  1701 | D:2      | Reached XP level 5. HP: 10/26 MP: 3/11
  2410 | D:3      | Reached XP level 6. HP: 20/30 MP: 5/12
  3940 | D:4      | Found a glowing drain.
  3945 | Sewer    | Entered a sewer
  4213 | Sewer    | Reached skill level 6 in Stealth
  4213 | Sewer    | Reached XP level 7. HP: 31/35 MP: 11/14
  4620 | D:4      | Found a hide-covered altar of Uskayaw.
  4622 | D:4      | Found a shimmering altar of Xom.
  4825 | D:5      | Entered Level 5 of the Dungeon
  5221 | D:5      | Killed from afar by an orc priest

Illustrated notes

Levels and vault maps discovered:
D:1:      reono_arrival_forest_river, layout_basic, serial_bayou_crossing
D:2:      layout_basic, shapermc_ecumenical_altar_ellora, uniq_sigmund,
          uniq_robin
D:3:      layout_basic, minmay_fractal_squares_diagonal_5
D:4:      layout_gridville, jmf_multi_god_temple, portal_sewer_entry_e,
          bh_walls_and_bars
D:5:      layout_cave_pods, trog_book

Skill      XL: |  1  2  3  4  5  6 |
---------------+-------------------+-----
Dodging        | 3 4 |  4.7
Evocations     | 1 2 3 |  3.4
Fighting       | 1 2 |  2.3
Spellcasting   | 3 4 |  4.3
Short Blades   | 2 3 |  3.4
Stealth        | 5 6 |  6.3
Hexes          | 4 |  4.9

Action                     |  1- 3 |  4- 6 |  7- 9 || total
---------------------------+-------+-------+-------++-------
  Melee: Dagger            |    89 |   187 |    62 ||   338
         Punch             |       |     3 |     2 ||     5
   Cast: Ensorcelled Hiber |    18 |    66 |    19 ||   103
         Confusing Touch   |       |     2 |     2 ||     4
    Use: Scroll            |     1 |     9 |     4 ||    14
         Potion            |       |     3 |     1 ||     4
   Stab: Sleeping          |    18 |    44 |     7 ||    69
         Distracted        |     1 |       |     1 ||     2
         Confused          |       |     2 |     1 ||     3
 Armour: Robe              |    32 |    66 |    42 ||   140
  Dodge: Dodged            |    66 |   200 |   102 ||   368
